 Dungeon Crawl Stone Soup version 0.18.1-48-g4cf74bf (webtiles) character file.

109 raph the Skirmisher (level 4, -1/40 HPs)
             Began as a Hill Orc Fighter on Sept 10, 2016.
             Slain by a hobgoblin (5 damage)
             ... led by Robin
             ... on level 2 of the Dungeon.
             The game lasted 00:04:36 (1494 turns).

raph the Skirmisher (Hill Orc Fighter)              Turns: 1494, Time: 00:04:37

Health: -1/40      AC:  7    Str: 23    XL:     4   Next: 89%
Magic:  4/4        EV:  5    Int: 14    God:
Gold:   83         SH: 16    Dex: 11    Spells: 0 memorised, 3 levels left

rFire  . . .     SeeInvis .     a - +0 long sword
rCold  . . .     Gourm    .     b - +0 scale mail
rNeg   . . .     Faith    .     p - +2 large shield
rPois  .         Spirit   .     (no helmet)
rElec  .         Dismiss  .     (no cloak)
rCorr  .         Reflect  .     (no gloves)
SustAt .         Harm     .     (no boots)
MR     .....                    (no amulet)
Stlth  ..........               (no ring)
                                e - +6 ring of intelligence

@: mighty, not resistant to hostile enchantments, extremely unstealthy
A: no striking features
a: no special abilities


You were on level 2 of the Dungeon.
You were not hungry.

You visited 1 branch of the dungeon, and saw 2 of its levels.

You collected 83 gold pieces.

Inventory:

Hand Weapons
 a - a +0 long sword (weapon)
Armour
 b - a +0 scale mail (worn)
 c - a +0 shield
 p - a +2 large shield (worn)
Jewellery
 e - a +6 ring of intelligence (left hand)
Scrolls
 g - 3 scrolls of identify
 h - a scroll of fog {unknown}
 j - a scroll of magic mapping {unknown}
Potions
 i - a potion of berserk rage
 k - a potion of degeneration {unknown}
 l - a potion of heal wounds {unknown}
 m - a potion of ambrosia {unknown}
 n - a potion of curing {unknown}
Comestibles
 f - a bread ration
 o - a meat ration


   Skills:
 + Level 4.3 Fighting
 * Level 3.5 Long Blades
 + Level 4.0 Armour
 * Level 4.1 Shields


You had 3 spell levels left.
You didn't know any spells.

Dungeon Overview and Level Annotations

Branches:
Dungeon (2/15)

Altars:


Message History

* * * LOW HITPOINT WARNING * * *
You hit the adder.
The adder is almost dead.
You block the adder's attack. You block the goblin's attack.
Robin hits you but does no damage. The goblin hits you.
* * * LOW HITPOINT WARNING * * *
You block the adder's attack.
You slice the adder!!
You kill the adder!
Your Shields skill increases to level 4!
You block the goblin's attack. x2
You slice Robin!!
You kill Robin!
Your Armour skill increases to level 4!
You block the goblin's attack. The hobgoblin hits you.
* * * LOW HITPOINT WARNING * * *
You block the goblin's attack. The goblin hits you with a dagger.
* * * LOW HITPOINT WARNING * * *
The hobgoblin hits you.
You die...

#### ##### #...
#...#
##.#.####...#
.......##...# ###
#..÷'...# ..
#..##...# ♣
#######.#
###)##.### .♣♣
#.......##
........>.# ♣♣g♣♣
#.#......
####.###.##
♣@g.♣♣ #.#....#
#.# #.# ♣gg..♣
#.#....#
###.###.## ##..##
#......###
.........# #....#
##..<...K..
##......####'...#
#..##..g.##
##(.....#.......#
#....<##.#
.'......#.#g....#
#.######g#
##......#+#.....#
#.# ####g##
#.<.......g.####
#.###.÷ggg#


You could see 2 hobgoblins and 2 goblins.

Vanquished Creatures
  Robin (D:2)
  3 adders (D:2)
  3 dart slugs
  3 giant geckos (D:2)
  4 bats
  A giant cockroach (D:1)
  16 goblins
  5 hobgoblins
  6 jackals (D:1)
  6 kobolds
  2 ball pythons (D:2)
  5 giant newts
  3 rats
58 creatures vanquished.

Notes
Turn   | Place    | Note
--------------------------------------------------------------
     0 | D:1      | raph the Hill Orc Fighter began the quest for the Orb.
     0 | D:1      | Reached XP level 1. HP: 19/19 MP: 1/1
   138 | D:1      | Reached XP level 2. HP: 18/27 MP: 2/2
   485 | D:1      | Reached XP level 3. HP: 33/33 MP: 3/3
   827 | D:2      | Reached XP level 4. HP: 35/40 MP: 4/4
  1187 | D:2      | Noticed Robin
  1494 | D:2      | Killed Robin
  1494 | D:2      | Slain by a hobgoblin

Skill      XL: |  1  2  3  4 |
---------------+-------------+-----
Long Blades    | 3 |  3.5
Fighting       | 4 |  4.3
Shields        | 4 |  4.1
Armour         | 4 |  4.0

Action                   |  1- 3 |  4- 6 || total
-------------------------+-------+-------++-------
Melee: Long sword        |   109 |    99 ||   208
  Use: Scroll            |       |     1 ||     1
       Potion            |       |     1 ||     1
  Eat: Chunk             |       |     2 ||     2
Armor: Scale mail        |    58 |    84 ||   142
Dodge: Dodged            |    45 |    33 ||    78
Block: Shield            |    64 |    14 ||    78
       Large shield      |       |   138 ||   138
